 Dungeon Crawl Stone Soup version 0.30.0-29-ga12c61a403 (webtiles) character file.

Game seed: 3113516498763097948

369 AIAndy the Cudgeller (level 6, -3/47 HPs)
             Began as a Gnoll Wanderer on June 8, 2023.
             Slain by an orc
             ... wielding a +0 war axe
              (6 damage)
             ... on level 5 of the Dungeon.
             The game lasted 00:12:25 (3528 turns).

AIAndy the Cudgeller (Gnoll Wanderer)               Turns: 3528, Time: 00:12:25

Health: -3/47      AC: 10    Str: 18    XL:     6   Next: 70%
Magic:  14/14      EV:  9    Int:  8    God:
Gold:   176        SH:  4    Dex: 10    Spells: 15/15 levels left

rFire   . . .        a - +2 mace
rCold   . . .        m - +0 buckler
rNeg    . . .        d - +0 scale mail
rPois   .            c - +0 helmet
rElec   .            n - +0 cloak
rCorr   +            p - +0 pair of gloves
SInv    .            h - +0 pair of boots
Will    .....        (no amulet)
Stlth   ++           e - ring of resist corrosion
HPRegen 0.27/turn    (no ring)
MPRegen 0.14/turn

%: no passive effects
@: mighty
A: fangs 1, strong nose, distributed training
a: no special abilities


You were on level 5 of the Dungeon.
You visited 1 branch of the dungeon, and saw 5 of its levels.

You collected 176 gold pieces.

Inventory:

Hand Weapons
 a - a +2 mace (weapon)
Missiles
 r - 16 boomerangs (quivered)
Armour
 c - a +0 helmet (worn)
 d - a +0 scale mail (worn)
 h - a +0 pair of boots (worn)
 m - a +0 buckler (worn)
 n - a +0 cloak (worn)
 p - a +0 pair of gloves (worn)
 u - a scarf of invisibility
Jewellery
 e - a ring of resist corrosion (left hand)
Scrolls
 g - 3 scrolls of vulnerability
 j - 3 scrolls of identify
 k - a scroll of teleportation
 l - a scroll of poison {unknown}
 q - 2 scrolls of acquirement {unknown}
 v - a scroll of fear {unknown}
Potions
 b - 3 potions of berserk rage
 f - a potion of attraction {unknown}
 i - a potion of invisibility {unknown}
 o - 2 potions of lignification
 s - a potion of curing
 w - a potion of haste {unknown}
 x - a potion of resistance {unknown}
 z - a potion of brilliance {unknown}


   Skills:
 + Level 3.4 Fighting
 + Level 2.1 Short Blades
 + Level 2.1 Long Blades
 + Level 3.4 Axes
 + Level 6.9 Maces & Flails
 + Level 2.1 Polearms
 + Level 2.1 Staves
 + Level 2.1 Ranged Weapons
 + Level 2.1 Throwing
 + Level 2.1 Armour
 + Level 2.1 Dodging
 + Level 6.3 Stealth
 + Level 2.1 Shields
 + Level 2.1 Unarmed Combat
 + Level 5.4 Spellcasting
 + Level 1.7 Conjurations
 + Level 1.7 Hexes
 + Level 1.7 Summonings
 + Level 1.7 Necromancy
 + Level 1.7 Translocations
 + Level 1.7 Transmutations
 + Level 1.7 Fire Magic
 + Level 1.7 Ice Magic
 + Level 1.7 Air Magic
 + Level 1.7 Earth Magic
 + Level 1.7 Poison Magic
 + Level 2.4 Invocations
 + Level 2.1 Evocations


You had 15 spell levels left.
You didn't know any spells.
Your spell library contained the following spells:

 Spells                   Type           Power      Damage    Failure   Level
 Ensorcelled Hibernation  Hex/Ice        8%         N/A       58%         2
 Lesser Beckoning         Tloc           8%         N/A       58%         2
 Passwall                 Tmut/Erth      3%         N/A       58%         2
 Gell's Gravitas          Tloc           4%         N/A       83%         3
 Swiftness                Air            4%         N/A       83%         3
 Teleport Other           Tloc           4%         N/A       83%         3


Dungeon Overview and Level Annotations

Branches:
Dungeon (5/15)
 Temple: D:4-7

Altars:
The Shining One


Innate Abilities, Weirdness & Mutations

You have very sharp teeth.
Your uncanny sense of smell can sniff out nearby items.
Your experience applies equally to all skills.


Message History

The black bear attacks as you move away!
The black bear bites you but does no damage.
The black bear barely misses you.
The black bear claws you but does no damage.
You block the orc's attack. The orc barely misses you.
The black bear attacks as you move away!
The black bear completely misses you. The black bear barely misses you.
The black bear claws you but does no damage.
You see here a scroll of teleportation.
You hit the orc.
The orc is heavily wounded.
The orc barely misses you. The orc closely misses you.
You barely miss the orc.
The orc is heavily wounded.
The orc closely misses you. The orc hits you but does no damage.
You hit the orc.
The orc is heavily wounded.
The orc hits you with a +0 short sword.
* * * LOW HITPOINT WARNING * * *
The orc hits you but does no damage.
You feel very mighty all of a sudden. The orc barely misses you.
The black bear completely misses you. The black bear barely misses you.
The black bear claws you but does no damage.
The orc barely misses you.
You completely miss the black bear. You bite the black bear!
The black bear is almost dead.
The orc hits you with a +0 short sword.
* * * LOW HITPOINT WARNING * * *
The black bear goes berserk!
The orc hits you with a +0 war axe.
* * * LOW HITPOINT WARNING * * *
You hit the black bear.
You kill the black bear!
You block the orc's attack. The orc hits you but does no damage.
You closely miss the orc.
The orc is heavily wounded.
The orc hits you with a +0 short sword.
* * * LOW HITPOINT WARNING * * *
The orc hits you with a +0 war axe.
You die...

##....##.........#
##
##..###.......##
#..# #...#####
#.## ##..# #.#
#..######## #[#
#.......... #.##
########... #..#
#.@### #†oo.##
##..).# ###...#
....... #...#
....... ##....
....... .....
.......
..............
..............


You could see 2 orcs.

Vanquished Creatures
  A black bear (D:5)
  A scorpion (D:4)
  A hound (D:5)
  An iguana (D:4)
  Terence (D:3)
  An orc wizard (D:4)
  3 adders (D:2)
  5 worms
  3 dart slugs
  4 orcs
  10 endoplasms
  2 giant cockroaches (D:4)
  7 goblins
  3 hobgoblins
  3 quokkas
  5 ball pythons
  2 bats
  3 frilled lizards
  7 kobolds
  4 rats
67 creatures vanquished.

Notes
Turn   | Place    | Note
-------+----------+-------------------------------------------
     0 | D:1      | AIAndy the Gnoll Wanderer began the quest for the Orb.
     0 | D:1      | AIAndy set off with the following items: a +2 mace, a +0
                  | hand axe, a +0 helmet, a potion of heal wounds, a +0
                  | leather armour.
     0 | D:1      | Reached XP level 1. HP: 17/17 MP: 6/6
   172 | D:1      | Reached XP level 2. HP: 23/23 MP: 7/7
   693 | D:2      | Reached skill level 5 in Spellcasting
   693 | D:2      | Reached XP level 3. HP: 28/28 MP: 7/9
   998 | D:2      | Reached skill level 1 in Invocations
  1021 | D:2      | Reached skill level 1 in Short Blades
  1021 | D:2      | Reached skill level 1 in Long Blades
  1021 | D:2      | Reached skill level 1 in Polearms
  1021 | D:2      | Reached skill level 1 in Staves
  1021 | D:2      | Reached skill level 1 in Ranged Weapons
  1021 | D:2      | Reached skill level 1 in Throwing
  1021 | D:2      | Reached skill level 1 in Armour
  1021 | D:2      | Reached skill level 1 in Dodging
  1021 | D:2      | Reached skill level 1 in Shields
  1021 | D:2      | Reached skill level 1 in Unarmed Combat
  1021 | D:2      | Reached skill level 1 in Evocations
  1180 | D:2      | Reached XP level 4. HP: 34/34 MP: 11/11
  2056 | D:3      | Noticed Terence
  2077 | D:3      | Reached skill level 1 in Conjurations
  2077 | D:3      | Reached skill level 1 in Hexes
  2077 | D:3      | Reached skill level 1 in Summonings
  2077 | D:3      | Reached skill level 1 in Necromancy
  2077 | D:3      | Reached skill level 1 in Translocations
  2077 | D:3      | Reached skill level 1 in Transmutations
  2077 | D:3      | Reached skill level 1 in Fire Magic
  2077 | D:3      | Reached skill level 1 in Ice Magic
  2077 | D:3      | Reached skill level 1 in Air Magic
  2077 | D:3      | Reached skill level 1 in Earth Magic
  2077 | D:3      | Reached skill level 1 in Poison Magic
  2090 | D:3      | Killed Terence
  2679 | D:4      | Reached XP level 5. HP: 40/40 MP: 12/12
  2980 | D:4      | Reached XP level 6. HP: 47/47 MP: 14/14
  3353 | D:4      | Found a glowing golden altar of the Shining One.
  3375 | D:5      | Entered Level 5 of the Dungeon
  3377 | D:5      | Noticed a black bear
  3409 | D:5      | HP: 2/47 [poisoned by an adder]
  3527 | D:5      | Killed a black bear
  3528 | D:5      | Slain by an orc

Illustrated notes

Levels and vault maps discovered:
D:1:      sevenhm_arrival_forest_fort_large_2, layout_basic, minmay_pentomino_t4
D:2:      layout_basic, serial_forest, infiniplex_forest_straight_3,
          infiniplex_forest_corner_1, infiniplex_forest_straight_1,
          infiniplex_forest_lined_ring, infiniplex_forest_clump_long,
          infiniplex_forest_end_2
D:3:      layout_basic, uniq_terence
D:4:      layout_rooms, tso_altar, serial_glass, glass_columns_b,
          glass_columns_c, glass_columns_a, glass_columns_b, glass_columns_a,
          glass_columns_a, glass_columns_a, glass_columns_a, glass_columns_a,
          glass_columns_b, minmay_strange_pillars
D:5:      layout_layer_cave

Skill      XL: |  1  2  3  4  5  6 |
---------------+-------------------+-----
Spellcasting   | 5 |  5.4
Stealth        | 6 |  6.3
Invocations    | 1 2 |  2.4
Short Blades   | 1 2 |  2.1
Long Blades    | 1 2 |  2.1
Polearms       | 1 2 |  2.1
Staves         | 1 2 |  2.1
Ranged Weapons | 1 2 |  2.1
Throwing       | 1 2 |  2.1
Armour         | 1 2 |  2.1
Dodging        | 1 2 |  2.1
Shields        | 1 2 |  2.1
Unarmed Combat | 1 2 |  2.1
Evocations     | 1 2 |  2.1
Conjurations   | 1 |  1.7
Hexes          | 1 |  1.7
Summonings     | 1 |  1.7
Necromancy     | 1 |  1.7
Translocations | 1 |  1.7
Transmutations | 1 |  1.7
Fire Magic     | 1 |  1.7
Ice Magic      | 1 |  1.7
Air Magic      | 1 |  1.7
Earth Magic    | 1 |  1.7
Poison Magic   | 1 |  1.7
Fighting       | 3 |  3.4
Axes           | 3 |  3.4
Maces & Flails | |  6.9

Action                     |  1- 3 |  4- 6 || total
---------------------------+-------+-------++-------
  Melee: Mace              |    65 |   132 ||   197
         Bite              |     2 |    14 ||    16
    Use: Potion            |       |     4 ||     4
         Scroll            |       |     3 ||     3
   Stab: Sleeping          |    11 |     5 ||    16
 Armour: Leather armour    |    18 |    12 ||    30
         Scale mail        |       |    75 ||    75
  Dodge: Dodged            |    19 |   103 ||   122
  Block: Buckler           |     5 |    29 ||    34
